AoeStats
← Haathum

Arena

506514437Analyzed
1v1 RM · 18d ago on Sep 13, 2026· 33m 33s· 2 players
Game mode
Random Map
Map size
Tiny (2 player)
Population
200
Speed
Normal
Resources
Standard
Victory
Conquest
Starting age
Dark Age
Ending age
Imperial Age
RankedLock teamsTeams togetherTeam positionsShared explorationLock speedFull tech treeHidden civsTurbo modeCheats
Victory
Defeat
🇨🇭 Burgundians · Switzerland
1265
+18
🇹🇷 Bengalis · Türkiye
1299
-18
Haathum
5:03 Double-Bit Axe
7:09 Horse Collar
11:37 Feudal Age
14:01 Bow Saw
16:20 Castle Age
16:34 Heavy Plow
17:33 Light Cavalry
23:37 Husbandry
24:14 Wheelbarrow
23:45 Gold Mining
23:48 Stone Mining
27:21 Loom
30:07 Imperial Age
27:54 Hand Cart
27:24 Town Watch
29:08 Squires
28:39 Pikeman
29:06 Arson
29:57 Burgundian Vineyards
30:45 Scale Barding Armor
30:51 Forging
30:43 Scale Mail Armor
30:44 Padded Archer Armor
32:15 Conscription
33:14 Chemistry
33:43 Treadmill Crane
34:20 Chain Mail Armor
34:41 Iron Casting
Mustafa
10:53 Feudal Age
12:09 Double-Bit Axe
15:28 Castle Age
14:07 Loom
14:13 Horse Collar
17:29 Bow Saw
18:11 Heavy Plow
19:34 Sanctity
18:44 Pikeman
21:32 Squires
23:44 Redemption
24:31 Arson
25:01 Forging
25:18 Fervor
25:09 Atonement
28:50 Iron Casting
28:17 Scale Mail Armor
29:46 Husbandry
29:57 Bloodlines
34:52 Imperial Age
Connection lost

Rejoining the realm…

Still unreachable

The connection could not be restored.

Session expired

The server has moved on; the page needs a fresh start.